 Dungeon Crawl Stone Soup version 0.24.1-11-gbbbb2193e6 (webtiles) character file.

Game seed: 108058067062187875, levelgen mode: deterministic

524 Ivruix the Shield-Bearer (level 7, -3/48 HPs)
             Began as a Human Fighter on May 14, 2020.
             Was an Initiate of Nemelex Xobeh.
             Splashed by Pikel's acid (10 damage)
             ... on level 4 of the Dungeon.
             The game lasted 00:19:56 (3634 turns).

Ivruix the Shield-Bearer (Human Fighter)            Turns: 3634, Time: 00:19:59

Health: -3/48      AC: 14    Str: 17 (18) XL:     7   Next: 46%
Magic:  0/7        EV:  7    Int:  7 (8)  God:    Nemelex Xobeh [......]
Gold:   106        SH:  9    Dex: 12 (13) Spells: 6/6 levels left

rFire    + . .     SeeInvis .   v - +2 morningstar (protect)
rCold    x . .     Gourm    .   c - +0 shield
rNeg     . . .     Faith    .   o - +0 chain mail
rPois    .         Spirit   +   (helmet restricted)
rElec    .         Reflect  .   k - +0 cloak
rCorr    .         Harm     .   l - +0 pair of gloves
MR       .....                  (no boots)
Stlth    ..........             m - amulet of guardian spirit
HPRegen  0.16/turn              d - ring of fire
MPRegen  0.10/turn              (no ring)

@: corroded, protection aura
A: horns 1, repulsion field 1, frail 1
a: Draw Escape, Draw Destruction, Draw Summoning, Renounce Religion


You were on level 4 of the Dungeon.
You worshipped Nemelex Xobeh.
Nemelex Xobeh was noncommittal.
You were not hungry.

You visited 2 branches of the dungeon, and saw 5 of its levels.

You collected 106 gold pieces.

Inventory:

Hand Weapons
 v - a +2 morningstar of protection (weapon)
Missiles
 a - 9 poisoned darts (quivered)
Armour
 c - a +0 shield (worn)
 i - a +0 helmet
 k - a +0 cloak (worn)
 l - a +0 pair of gloves (worn)
 o - a +0 chain mail (worn)
Jewellery
 d - a ring of fire (left hand)
 m - an amulet of guardian spirit (around neck)
Wands
 x - a wand of paralysis (8)
Scrolls
 b - a scroll of fog {unknown}
 g - 3 scrolls of teleportation
 h - a scroll of enchant armour {unknown}
 j - 2 scrolls of immolation
 n - a scroll of amnesia {unknown}
 p - 4 scrolls of identify
 r - a scroll of remove curse {unknown}
 t - a scroll of blinking {unknown}
Potions
 e - a potion of heal wounds {unknown}
Comestibles
 f - 6 rations


   Skills:
 * Level 4.1 Fighting
   Level 3.0 Long Blades
 * Level 2.4 Maces & Flails
 - Level 0.4 Throwing
 * Level 4.3 Armour
 - Level 0.9 Dodging
 - Level 0.5 Stealth
 * Level 5.3 Shields


You had 6 spell levels left.
You didn't know any spells.
Your spell library contained the following spells:

 Spells                   Type           Power        Failure   Level  Hunger
 Animate Skeleton         Necr           N/A          100%        1    ##.....
 Pain                     Necr           #...         100%        1    ##.....
 Regeneration             Chrm/Necr      #.........   100%        3    ####...
 Vampiric Draining        Necr           #.........   100%        3    ####...
 Animate Dead             Necr           N/A          100%        4    #####..


Dungeon Overview and Level Annotations

Branches:
Dungeon (4/15)             Temple (1/1) D:4

Altars:
Ashenzari
Cheibriados
Dithmenos
Elyvilon
Fedhas
Gozag
Hepliaklqana
Kikubaaqudgha
Makhleb
Nemelex Xobeh
Okawaru
Qazlal
Ru
Sif Muna
Trog
Vehumet
Wu Jian
Xom
Yredelemnul
Zin
The Shining One

Annotations:
D:4 Menkaure, Pikel


Innate Abilities, Weirdness & Mutations

You have a pair of small horns on your head.
You are surrounded by a mild repulsion field. (EV +2)
You are frail. (-10% HP)


Message History

The slave hits you but does no damage.
All of the chunks of flesh in your inventory have rotted away.
Menkaure, Prince of Dust comes into view.
Menkaure shouts!
Menkaure blazes with dark energy!
Found a stone staircase leading down.
Your chain mail prevents you from hitting Pikel.
You headbutt Pikel, but do no damage. The slave barely misses you.
Pikel zaps a wand.
The bolt of acid hits you!
You are splashed with acid!
The slave closely misses you. x2
Pikel hits you with a +2 whip of electrocution.
You block the slave's attack. The slave barely misses you.
You puncture Pikel!
Your weapon exudes an aura of protection.
Pikel is moderately wounded.
You block the slave's attack.
Pikel zaps a wand.
The bolt of acid hits you!
* * * LOW HITPOINT WARNING * * *
The acid corrodes you!
You are splashed with acid!
You die...
Your body disappears without a glow.

.# ##..#.###.##
##### ..#
#.......##
..##.......#
#......#..##
#.........#
###......##.#
..##....%.#####.#
>....pppp.........
....#K@..........<
#...M........####.#
.#......##..##
##.....# #..#
##....# #..# #....#
#... #..##. ... ...
#


You could see Pikel, 4 slaves and Menkaure.

Vanquished Creatures
  Eustachio (D:4)
  An ogre (D:3)
  A bullfrog (D:2)
  A hound (D:4)
  Robin (D:2)
  6 adders
  2 oozes
  An adder skeleton (D:4)
  6 worms
  3 dart slugs
  2 leopard geckos
  4 orcs
  5 giant cockroaches
  13 goblins
  16 hobgoblins
  12 bats
  7 frilled lizards
  12 kobolds
  3 rats
97 creatures vanquished.

Notes
Turn   | Place    | Note
-------+----------+-------------------------------------------
     0 | D:1      | Ivruix the Human Fighter began the quest for the Orb.
     0 | D:1      | Reached XP level 1. HP: 18/18 MP: 1/1
    61 | D:1      | Reached XP level 2. HP: 9/24 MP: 2/2
   474 | D:1      | Reached XP level 3. HP: 28/29 MP: 3/3
   898 | D:2      | Reached XP level 4. HP: 32/35 MP: 4/4
  1124 | D:2      | Reached skill level 4 in Shields
  1388 | D:2      | Noticed Robin
  1413 | D:2      | Killed Robin
  1413 | D:2      | Reached XP level 5. HP: 32/41 MP: 5/5
  1599 | D:2      | Noticed a bullfrog
  1608 | D:2      | Killed a bullfrog
  1821 | D:3      | Reached XP level 6. HP: 48/48 MP: 6/6
  2288 | D:3      | Paralysed by a kobold for 5 turns
  2468 | D:3      | Gained mutation: Your body sometimes deteriorates upon
                  | taking damage. [potion of mutation]
  2468 | D:3      | Gained mutation: You are resistant to hostile enchantments.
                  | (MR+) [potion of mutation]
  2468 | D:3      | Gained mutation: You have large cloven feet. [potion of
                  | mutation]
  2468 | D:3      | Gained mutation: You have a pair of small horns on your
                  | head. [potion of mutation]
  2559 | D:3      | Lost mutation: You have large cloven feet. [potion of
                  | mutation]
  2559 | D:3      | Lost mutation: You are resistant to hostile enchantments.
                  | (MR+) [potion of mutation]
  2559 | D:3      | Lost mutation: Your body sometimes deteriorates upon taking
                  | damage. [potion of mutation]
  2559 | D:3      | Gained mutation: You are frail. (-10% HP) [potion of
                  | mutation]
  2559 | D:3      | Gained mutation: You are surrounded by a mild repulsion
                  | field. (EV +2) [potion of mutation]
  2647 | D:3      | Noticed an ogre
  2706 | D:3      | Reached skill level 1 in Maces & Flails
  2787 | D:3      | Killed an ogre
  3157 | D:4      | Noticed Eustachio
  3198 | D:4      | Killed Eustachio
  3198 | D:4      | Reached skill level 5 in Shields
  3198 | D:4      | Reached XP level 7. HP: 40/48 MP: 7/7
  3447 | D:4      | Found a staircase to the Ecumenical Temple.
  3456 | Temple   | Entered the Ecumenical Temple
  3557 | Temple   | Became a worshipper of Nemelex Xobeh the Trickster
  3593 | D:4      | Received a gift from Nemelex Xobeh
  3629 | D:4      | Noticed Pikel
  3631 | D:4      | Noticed Menkaure
  3634 | D:4      | Splashed by Pikel's acid

Levels and vault maps discovered:
D:1:      eino_arrival_water_cross, layout_basic, item_on_display_a
D:2:      layout_rooms, first_ration, uniq_robin
D:3:      minmay_diamond_boxcup, layout_basic, minmay_quantized
D:4:      layout_layer_cave, minmay_temple_entry_stoned_glass, uniq_eustachio,
          uniq_menkaure, uniq_pikel, uniq_edmund
Temple:   kilobyte_greek_temple

Skill      XL: |  1  2  3  4  5  6 |
---------------+-------------------+-----
Shields        | 4 5 |  5.3
Long Blades    | 3 |  3.0
Armour         | 4 |  4.3
Maces & Flails | 2 |  2.4
Fighting       | 4 |  4.1
Throwing       | |  0.4
Dodging        | |  0.9
Stealth        | |  0.5

Action                   |  1- 3 |  4- 6 |  7- 9 || total
-------------------------+-------+-------+-------++-------
Melee: Long sword        |   121 |   119 |       ||   240
       Morningstar       |       |   103 |    21 ||   124
       Headbutt          |       |    12 |     3 ||    15
       Kick              |       |     2 |       ||     2
Throw: Dart              |       |     7 |       ||     7
  Use: Scroll            |     4 |     3 |       ||     7
       Potion            |       |    10 |       ||    10
  Eat: Chunk             |       |     8 |     2 ||    10
Armor: Scale mail        |    78 |       |       ||    78
       Chain mail        |     7 |   136 |    15 ||   158
Dodge: Dodged            |    51 |    79 |    12 ||   142
Block: Shield            |    93 |   155 |    13 ||   261
       Rpst.: Long sword |    14 |    14 |       ||    28
